[Event "Team 45 45 League T92"]
[Site "Internet Chess Club"]
[Date "2022.05.06"]
[Round "4"]
[White "hipopotamos"]
[Black "room-matt"]
[Result "0-1"]
[WhiteElo "1683"]
[BlackElo "1810"]
[Opening "Giuoco Piano"]
[ECO "C54"]
[Time "15:03:37"]
[PlyCount "102"]
[TimeControl "2700+45"]

1. e4 e5 2. Nf3 Nc6 3. Bc4 Bc5 4. c3 Nf6 5. d3 d6 6. O-O a6 7. Nbd2 O-O 8. Nb3
Ba7 9. Bg5 h6 10. Bh4 g5 11. Bg3 b5 12. Bd5 Nxd5 13. exd5 Ne7 14. d4 f5 15. h3
e4 16. Nxg5 hxg5 17. Qh5 g4 18. Bh4 Qe8 19. Qg5+ Ng6 20. hxg4 fxg4 21. Rae1 Kg7
22. Nd2 Rf5 23. Qd8 Qxd8 24. Bxd8 Bb6 25. Nxe4 Bd7 26. Bg5 Re8 27. Bd2 Rxd5 28.
Re3 Nf4 29. Rfe1 Rh8 30. Ng3 Kf6 31. Ne4+ Kg6 32. Ng3 Nh5 33. Ne2 Bc6 34. Re4
Rg5 35. Re7 Rf5 36. b3 Bd5 37. Nc1 c5 38. Be3 cxd4 39. cxd4 Ba5 40. Re2 Bc3 41.
Nd3 Ba5 42. Rd7 Rf6 43. Ne5+ Kf5 44. Nd3 Be4 45. Nc1 Nf4 46. Bxf4 Kxf4 47. Re7
d5 48. Re5 Rf5 49. Re6 Rfh5 50. f3 Rh1+ 51. Kf2 g3# {White checkmated} 0-1

[Event "Team 45 45 League T92"]
[Site "Internet Chess Club"]
[Date "2022.05.08"]
[Round "4"]
[White "KidRattler"]
[Black "Timmah4651"]
[Result "1-0"]
[WhiteElo "1698"]
[BlackElo "1617"]
[Opening "Scotch gambit: Benima defense"]
[ECO "C44"]
[Time "21:20:45"]
[PlyCount "25"]
[TimeControl "2700+45"]

1. e4 e5 2. Nf3 Nc6 3. d4 exd4 4. Bc4 Be7 5. O-O d6 6. c3 Be6 7. Bxe6 fxe6 8.
cxd4 Nf6 9. Nc3 O-O 10. Qb3 Qc8 11. Be3 Kh8 12. Ng5 e5 13. Nf7+ {Black resigns}
1-0

[Event "Team 45 45 League T92"]
[Site "Internet Chess Club"]
[Date "2022.05.05"]
[Round "4"]
[White "Insan996"]
[Black "fhunfi"]
[Result "1/2-1/2"]
[WhiteElo "1616"]
[BlackElo "1744"]
[Opening "Dutch with c4 & Nc3"]
[ECO "A85"]
[Time "21:00:40"]
[PlyCount "66"]
[TimeControl "2700+45"]

1. d4 f5 2. c4 Nf6 3. Nc3 d6 4. g3 g6 5. Bg2 Bg7 6. b3 c6 7. Bb2 e5 8. dxe5 dxe5
9. Qxd8+ Kxd8 10. O-O-O+ Ke7 11. e3 Ng4 12. Rd2 e4 13. Nh3 Ne5 14. Kc2 Bf6 15.
Nf4 Be6 16. Ba3+ Kf7 17. Rhd1 Re8 18. h4 a5 19. Na4 Na6 20. Nc5 Nxc5 21. Bxc5 a4
22. Bd4 axb3+ 23. axb3 Ra2+ 24. Kc3 Rea8 25. Nxe6 Kxe6 26. Rxa2 Rxa2 27. Rd2 Ra1
28. Kc2 Ra2+ 29. Kd1 Ra3 30. Kc2 Ra2+ 31. Kd1 Ra3 32. Kc2 Ra2+ 33. Kd1 Ra3 {Game
drawn by repetition} 1/2-1/2

[Event "Team 45 45 League T92"]
[Site "Internet Chess Club"]
[Date "2022.05.05"]
[Round "4"]
[White "evan7284"]
[Black "fireball"]
[Result "1-0"]
[WhiteElo "1613"]
[BlackElo "1560"]
[Opening "Queen's pawn: London system"]
[ECO "A45"]
[Time "14:32:51"]
[PlyCount "113"]
[TimeControl "2700+45"]

1. d4 Nf6 2. Bf4 d5 3. e3 c5 4. c3 Nc6 5. Bd3 e6 6. Nd2 cxd4 7. exd4 Bd6 8. Bg3
O-O 9. f4 Qc7 10. Nh3 Ne7 11. O-O a5 12. Bh4 Ne8 13. Bxe7 Bxe7 14. Nf3 f6 15.
Qc2 h6 16. Rae1 e5 17. fxe5 Bxh3 18. gxh3 g5 19. Bh7+ Kh8 20. Qg6 Bd6 21. exd6
Qxh7 22. Qxh7+ Kxh7 23. Re7+ Kg8 24. d7 Nd6 25. Nd2 Rad8 26. Re6 Rxd7 27. Rfxf6
Rxf6 28. Rxf6 Kg7 29. Re6 Nf5 30. Re5 Kf6 31. Kf2 Ne7 32. Nf1 Ng6 33. Re3 Nf4
34. Kg3 Nh5+ 35. Kg4 Ng7 36. Ng3 Rd6 37. Nh5+ Nxh5 38. Kxh5 Kf7 39. Re5 b5 40.
h4 gxh4 41. Kxh4 Kg6 42. Kg4 b4 43. cxb4 axb4 44. a3 bxa3 45. bxa3 Ra6 46. Rxd5
Rxa3 47. h4 Ra6 48. Rc5 Ra4 49. Rc6+ Kg7 50. Rd6 Ra1 51. Kh5 Ra5+ 52. d5 Ra4 53.
Rxh6 Rxh4+ 54. Kxh4 Kxh6 55. d6 Kg6 56. d7 Kf7 57. d8=Q {Black resigns} 1-0

[Event "Team 45 45 League T92"]
[Site "Internet Chess Club"]
[Date "2022.05.07"]
[Round "4"]
[White "Sloggi"]
[Black "achessman"]
[Result "1-0"]
[WhiteElo "1995"]
[BlackElo "1853"]
[Opening "QGD Slav: 3.Nf3"]
[ECO "D11"]
[Time "23:05:54"]
[PlyCount "65"]
[TimeControl "2700+45"]

1. d4 d5 2. c4 c6 3. Nf3 Nf6 4. Qc2 dxc4 5. Qxc4 Bf5 6. g3 e6 7. Bg2 Be7 8. O-O
O-O 9. Rd1 Nbd7 10. e3 Rc8 11. Qe2 Bg6 12. Nc3 b5 13. Ne5 Nxe5 14. dxe5 Nd7 15.
f4 Qc7 16. h4 h6 17. h5 Bh7 18. Ne4 Bxe4 19. Bxe4 Rfd8 20. Bd2 a6 21. Bc2 Nxe5
22. fxe5 Qxe5 23. Be1 Rd5 24. Rxd5 exd5 25. Qd3 Kf8 26. Qf5 Qc7 27. Kg2 Re8 28.
Bc3 Bg5 29. Re1 Rxe3 30. Rxe3 Bxe3 31. Be5 Qa5 32. Bd6+ Ke8 33. Qe5+ {Black
resigns} 1-0

[Event "Team 45 45 League T92"]
[Site "Internet Chess Club"]
[Date "2022.05.08"]
[Round "4"]
[White "BuddyT"]
[Black "fishhead"]
[Result "1-0"]
[WhiteElo "1590"]
[BlackElo "1723"]
[Opening "Grünfeld defense"]
[ECO "D80"]
[Time "12:00:21"]
[PlyCount "61"]
[TimeControl "2700+45"]

1. d4 Nf6 2. c4 g6 3. Nc3 d5 4. Bd2 Bg7 5. cxd5 Nxd5 6. e4 Nxc3 7. Bxc3 O-O 8.
Qd2 Nd7 9. Nf3 c5 10. d5 Nf6 11. Bd3 e6 12. d6 b6 13. e5 Nd5 14. Be4 Bb7 15. O-O
Qd7 16. Rfe1 f5 17. exf6 Bxf6 18. Bxf6 Rxf6 19. Qg5 Raf8 20. h4 Qxd6 21. h5 Qf4
22. hxg6 hxg6 23. Rad1 Qxg5 24. Nxg5 Rxf2 25. Nxe6 R8f6 26. Bxd5 Bxd5 27. Rxd5
Rxb2 28. Rd8+ Kh7 29. Re3 g5 30. Nxg5+ Kg6 31. Rg8+ {Black resigns} 1-0

[Event "Team 45 45 League T92"]
[Site "Internet Chess Club"]
[Date "2022.05.07"]
[Round "4"]
[White "liujf"]
[Black "VictorRed"]
[Result "0-1"]
[WhiteElo "1545"]
[BlackElo "1689"]
[Opening "Sicilian defense"]
[ECO "B30"]
[Time "20:30:20"]
[PlyCount "96"]
[TimeControl "2700+45"]

1. e4 c5 2. Nf3 Nc6 3. d3 d6 4. g3 Bg4 5. Bg2 e5 6. O-O Qd7 7. Nc3 Nf6 8. Bd2 a6
9. a3 Be7 10. Re1 O-O 11. Na4 Bd8 12. b4 b5 13. Nb2 Bb6 14. Be3 Rab8 15. bxc5
dxc5 16. a4 Rfd8 17. Bg5 Qe6 18. Qc1 h6 19. Be3 Nd4 20. Bxd4 cxd4 21. axb5 axb5
22. c4 dxc3 23. Qxc3 Bxf3 24. Bxf3 Bd4 25. Qb4 Qb6 26. Rf1 Bxb2 27. Qxb2 Rxd3
28. Be2 Rd4 29. Rab1 Nxe4 30. Qxb5 Qxb5 31. Rxb5 Rxb5 32. Bxb5 Nd2 33. Ra1 g5
34. Ra8+ Kg7 35. Ra7 Ne4 36. Be8 Nd6 37. Ba4 Kg6 38. Bc2+ e4 39. f3 f5 40. fxe4
fxe4 41. Ra6 Kf5 42. h3 Ke5 43. Ra5+ Rd5 44. Rxd5+ Kxd5 45. Kf2 Kd4 46. g4 Kc3
47. Ba4 Kd2 48. Bc6 e3+ {White resigns} 0-1

[Event "Team 45 45 League T92"]
[Site "Internet Chess Club"]
[Date "2022.05.04"]
[Round "4"]
[White "kabindra"]
[Black "fvafier"]
[Result "0-1"]
[WhiteElo "1640"]
[BlackElo "1518"]
[Opening "French: advance, Euwe variation"]
[ECO "C02"]
[Time "17:30:07"]
[PlyCount "50"]
[TimeControl "2700+45"]

1. e4 e6 2. d4 d5 3. e5 c5 4. c3 Nc6 5. Nf3 Bd7 6. Bd3 Rc8 7. O-O cxd4 8. a3
dxc3 9. Nxc3 a6 10. Be3 Nge7 11. Na4 Qc7 12. Bb6 Qb8 13. Nc5 Nxe5 14. Nxe5 Qxe5
15. Nxd7 Kxd7 16. f4 Qxb2 17. Rb1 Qxa3 18. f5 Nc6 19. fxe6+ fxe6 20. Rf7+ Be7
21. Rb3 Qd6 22. Bf2 b5 23. Bg3 Ne5 24. Qe2 Qb6+ 25. Bf2 Rc1+ {White resigns} 0-1

[Event "Team 45 45 League T92"]
[Site "Internet Chess Club"]
[Date "2022.05.08"]
[Round "4"]
[White "HomerSimpson"]
[Black "Ajolote"]
[Result "1-0"]
[WhiteElo "2044"]
[BlackElo "1987"]
[Opening "Queen's pawn: London system"]
[ECO "A45"]
[Time "14:01:06"]
[PlyCount "60"]
[TimeControl "2700+45"]

1. d4 Nf6 2. Bf4 g6 3. Nc3 d5 4. e3 Bg7 5. h4 h6 6. h5 g5 7. Be5 O-O 8. f4 gxf4
9. Bxf4 c5 10. Be2 Nc6 11. Qd2 Bf5 12. a3 a6 13. Nf3 Ne4 14. Nxe4 Bxe4 15. O-O-O
c4 16. g4 f6 17. Rhg1 Kh8 18. Nh4 e5 19. Bh2 Bh7 20. Nf5 b5 21. Nxg7 Kxg7 22.
dxe5 fxe5 23. g5 hxg5 24. e4 Kh6 25. exd5 Nd4 26. Bxe5 Nxe2+ 27. Qxe2 b4 28.
axb4 a5 29. b5 a4 30. Bc3 a3 {Black resigns} 1-0

[Event "Team 45 45 League T92"]
[Site "Internet Chess Club"]
[Date "2022.05.07"]
[Round "4"]
[White "kasraei"]
[Black "laurenpar"]
[Result "0-1"]
[WhiteElo "1731"]
[BlackElo "1936"]
[Opening "Queen's pawn"]
[ECO "A40"]
[Time "04:03:56"]
[PlyCount "78"]
[TimeControl "2700+45"]

1. d4 e6 2. Bf4 f5 3. e3 Nf6 4. Nf3 d6 5. Nbd2 Nc6 6. c3 Qe7 7. Qb3 g6 8. Bc4 h6
9. O-O-O Bg7 10. Rhe1 O-O 11. Qc2 Kh7 12. h4 Rb8 13. e4 Nh5 14. Bh2 f4 15. d5
Ne5 16. Nxe5 Bxe5 17. Nf3 b5 18. Bb3 a5 19. a3 Bd7 20. dxe6 Bxe6 21. Bxe6 Qxe6
22. Nxe5 dxe5 23. f3 c5 24. Rd5 Rfc8 25. Red1 Nf6 26. Rd6 Qf7 27. g4 g5 28. hxg5
hxg5 29. Kb1 b4 30. c4 bxa3 31. b3 a4 32. R1d3 Rb4 33. Bg1 Rcb8 34. Bxc5 Rxb3+
35. Ka1 Rb2 36. Qxa4 Rb1+ 37. Ka2 R8b2+ 38. Kxa3 Ra1+ 39. Kxb2 Rxa4 {White
resigns} 0-1

[Event "Team 45 45 League T92"]
[Site "Internet Chess Club"]
[Date "2022.05.06"]
[Round "4"]
[White "fishhead"]
[Black "Timmah4651"]
[Result "1-0"]
[WhiteElo "1747"]
[BlackElo "1631"]
[Opening "French: Winawer, advance, Russian variation"]
[ECO "C17"]
[Time "22:00:14"]
[PlyCount "49"]
[TimeControl "2700+45"]

1. e4 e6 2. d4 d5 3. Nc3 Bb4 4. e5 c5 5. Qg4 Ne7 6. Qxg7 Rg8 7. Qh6 cxd4 8. a3
Qa5 9. axb4 Qxa1 10. Nb5 Na6 11. Nd6+ Kd8 12. Bd3 Ng6 13. Qg5+ Kc7 14. Ne2 Nxb4
15. Bxg6 Bd7 16. Qd2 Qa5 17. Bxh7 Rxg2 18. Kf1 Rg4 19. Nxd4 f5 20. Qc3+ Nc6 21.
N4b5+ Kb8 22. Qxa5 Nxa5 23. Rg1 Bxb5+ 24. Nxb5 Rh4 25. Rg8# {Black checkmated}
1-0

[Event "Team 45 45 League T92"]
[Site "Internet Chess Club"]
[Date "2022.05.06"]
[Round "4"]
[White "fireball"]
[Black "zethhon"]
[Result "0-1"]
[WhiteElo "1542"]
[BlackElo "1524"]
[Opening "Sicilian: Smith-Morra gambit"]
[ECO "B21"]
[Time "10:02:22"]
[PlyCount "74"]
[TimeControl "2700+45"]

1. e4 c5 2. d4 cxd4 3. c3 d3 4. c4 d6 5. Nc3 Nf6 6. Bxd3 e6 7. Nf3 Be7 8. O-O
O-O 9. Qe2 Nbd7 10. e5 dxe5 11. Rd1 Qc7 12. Nb5 Qb8 13. Re1 a6 14. Nc3 Bd6 15.
Ne4 Nxe4 16. Bxe4 f5 17. Bc2 e4 18. Ng5 Bxh2+ 19. Kh1 Nf6 20. g3 Ng4 21. Kg2 b6
22. Nxe4 Bb7 23. Rh1 fxe4 24. Be3 Rxf2+ 25. Bxf2 Nxf2 26. Rxh2 e3+ 27. Kf1 Qxg3
28. Rxh7 Qg2+ 29. Ke1 Rf8 30. Qxe3 Ne4 31. Bd3 Kxh7 32. Rd1 Qh1+ 33. Ke2 Qh5+
34. Ke1 Qh4+ 35. Ke2 Rf2+ 36. Ke1 Rg2+ 37. Kf1 Qh1+ {White resigns} 0-1

[Event "Team 45 45 League T92"]
[Site "Internet Chess Club"]
[Date "2022.05.07"]
[Round "4"]
[White "ElValero"]
[Black "primerpaso"]
[Result "0-1"]
[WhiteElo "1745"]
[BlackElo "1897"]
[Opening "QGD: 4.Nf3"]
[ECO "D37"]
[Time "14:05:47"]
[PlyCount "134"]
[TimeControl "2700+45"]

1. Nf3 d5 2. d4 Nf6 3. c4 e6 4. Nc3 Be7 5. cxd5 exd5 6. Bg5 Nbd7 7. e3 c6 8. Bd3
h6 9. Bh4 O-O 10. O-O Ne4 11. Bxe7 Qxe7 12. Qc2 f5 13. Rfe1 Qf6 14. b4 a5 15. b5
Nxc3 16. Qxc3 c5 17. Ne5 b6 18. f4 c4 19. Be2 Qd6 20. Bf3 Ra7 21. Rac1 Nf6 22.
a4 Be6 23. Kh1 g5 24. g4 fxg4 25. fxg5 hxg5 26. Bg2 Bf5 27. Rf1 Qe6 28. Rce1 Rh7
29. Kg1 Be4 30. Qd2 Kg7 31. Qf2 Nd7 32. Qg3 Nxe5 33. dxe5 Bxg2 34. Rxf8 Kxf8 35.
Kxg2 Rh3 36. Rf1+ Kg7 37. Qf2 Rf3 38. Qb2 Rxe3 39. Rf6 Qxe5 40. Qxe5 Rxe5 41.
Rxb6 Re2+ 42. Kg3 Ra2 43. Rd6 Rxa4 44. Rxd5 Rb4 45. Rxg5+ Kf6 46. Rc5 a4 47. b6
a3 48. b7 Rxb7 49. Rxc4 Ra7 50. Rc6+ Ke5 51. Rc1 a2 52. Ra1 Ke4 53. Kxg4 Rg7+
54. Kh4 Kf4 55. Rf1+ Ke3 56. Ra1 Rg2 57. h3 Kd3 58. Kh5 Kc3 59. h4 Kb2 60. Rxa2+
Kxa2 61. Kh6 Kb3 62. h5 Kc4 63. Kh7 Kd5 64. h6 Ke6 65. Kh8 Kf6 66. h7 Ra2 67.
Kg8 Ra8# {White checkmated} 0-1

[Event "Team 45 45 League T92"]
[Site "Internet Chess Club"]
[Date "2022.05.05"]
[Round "4"]
[White "VictorRed"]
[Black "BuddyT"]
[Result "1-0"]
[WhiteElo "1678"]
[BlackElo "1566"]
[Opening "Queen's pawn game, Darooha variation "]
[ECO "D02"]
[Time "22:02:08"]
[PlyCount "83"]
[TimeControl "2700+45"]

1. d4 Nf6 2. Nf3 d5 3. g3 c6 4. Bg2 Bf5 5. O-O e6 6. Nh4 Be7 7. Nxf5 exf5 8. Nc3
O-O 9. f3 Nbd7 10. Qd3 g6 11. Bh6 Re8 12. Rae1 c5 13. Kh1 c4 14. Qd2 Qb6 15. Rb1
Rad8 16. a3 Qa5 17. h3 Nh5 18. Kh2 Bd6 19. f4 Ndf6 20. Bg5 Re6 21. g4 fxg4 22.
hxg4 Nxg4+ 23. Kh3 Re3+ 24. Rf3 Nxf4+ 25. Kxg4 h5+ 26. Kh4 Rxe2 27. Qxe2 Nxe2
28. Nxe2 Re8 29. Nc3 Qc7 30. Rbf1 Qd7 31. Bh3 f5 32. Nxd5 Re4+ 33. Nf4 Rxd4 34.
Bf6 Be7 35. Bxe7 Qxe7+ 36. Kg3 Qg5+ 37. Kh2 Rd2+ 38. R1f2 Qd8 39. Nxg6 Qd4 40.
Kg2 Rd1 41. Ne7+ Kf7 42. Nxf5 {Black resigns} 1-0

[Event "Team 45 45 League T92"]
[Site "Internet Chess Club"]
[Date "2022.05.07"]
[Round "4"]
[White "cyborg86"]
[Black "Dlugy"]
[Result "1/2-1/2"]
[WhiteElo "2266"]
[BlackElo "2015"]
[Opening "Queen's pawn, Mason variation, Steinitz counter-gambit"]
[ECO "D00"]
[Time "23:29:29"]
[PlyCount "46"]
[TimeControl "2700+45"]

1. d4 d5 2. Bf4 c5 3. e3 Nc6 4. Nf3 cxd4 5. exd4 Bg4 6. c3 e6 7. Nbd2 Bd6 8.
Bxd6 Qxd6 9. Bd3 Nge7 10. O-O Bf5 11. Qe2 O-O 12. Rfe1 Bxd3 13. Qxd3 b5 14. a3
a5 15. Nb3 b4 16. cxb4 axb4 17. a4 Na5 18. Nc5 h6 19. b3 Rfc8 20. Rac1 Nec6 21.
Re2 Rc7 22. Rec2 f6 23. Qg6 Re7 {Game drawn by mutual agreement} 1/2-1/2

[Event "Team 45 45 League T92"]
[Site "Internet Chess Club"]
[Date "2022.05.08"]
[Round "4"]
[White "BRJAK0530"]
[Black "timcent"]
[Result "0-1"]
[WhiteElo "1832"]
[BlackElo "1862"]
[Opening "Sicilian: Labourdonnais-Löwenthal (Kalashnikov) variation"]
[ECO "B32"]
[Time "21:45:37"]
[PlyCount "48"]
[TimeControl "2700+45"]

1. e4 c5 2. Nf3 Nc6 3. d4 cxd4 4. Nxd4 e5 5. Nb5 d6 6. c4 Be7 7. N5c3 f5 8. exf5
Bxf5 9. Bd3 Be6 10. Nd5 Nf6 11. Nbc3 Nd4 12. O-O Qd7 13. Be3 Nf5 14. Nxf6+ Bxf6
15. Bxf5 Bxf5 16. Nb5 Be7 17. Bxa7 O-O 18. Be3 Rf6 19. Kh1 Rg6 20. Qd2 Be6 21.
b3 d5 22. Rfd1 d4 23. f4 Rd8 24. Bg1 Bh3 {White resigns} 0-1

[Event "Team 45 45 League T92"]
[Site "Internet Chess Club"]
[Date "2022.05.09"]
[Round "4"]
[White "Alec-hine"]
[Black "pmarcal"]
[Result "1-0"]
[WhiteElo "1649"]
[BlackElo "1709"]
[Opening "QGD: classical variation (5.Bf4)"]
[ECO "D30"]
[Time "20:00:41"]
[PlyCount "71"]
[TimeControl "2700+45"]

1. d4 d5 2. c4 e6 3. Nf3 Be7 4. Nc3 Nf6 5. Bf4 O-O 6. e3 b6 7. cxd5 exd5 8. Bd3
Bb7 9. O-O Nbd7 10. h3 c5 11. b3 Ne4 12. Rc1 Rc8 13. dxc5 bxc5 14. Bxe4 dxe4 15.
Nd2 Nf6 16. Nc4 Nd5 17. Nxd5 Bxd5 18. Qc2 Bg5 19. Rfd1 Bxf4 20. exf4 Rc7 21. Rd2
Qa8 22. Ne3 Bb7 23. Rcd1 Ba6 24. Nd5 Bd3 25. Nxc7 Bxc2 26. Nxa8 Bxd1 27. Nc7 Bh5
28. g4 g5 29. f5 Kg7 30. Rd6 Rc8 31. Nd5 c4 32. bxc4 Rxc4 33. gxh5 Ra4 34. h6+
Kf8 35. f6 Rxa2 36. Rd8# {Black checkmated} 1-0

[Event "Team 45 45 League T92"]
[Site "Internet Chess Club"]
[Date "2022.05.07"]
[Round "4"]
[White "rubwin"]
[Black "mnpaulson"]
[Result "0-1"]
[WhiteElo "1301"]
[BlackElo "1534"]
[Opening "QGD: Neo-orthodox variation, 7.Bh4"]
[ECO "D56"]
[Time "16:07:17"]
[PlyCount "98"]
[TimeControl "2700+45"]

1. d4 d5 2. c4 e6 3. Nc3 Be7 4. Nf3 Nf6 5. Bg5 h6 6. Bh4 O-O 7. e3 Nbd7 8. Bd3
dxc4 9. Bxc4 c5 10. O-O Nb6 11. Bb3 cxd4 12. Nxd4 Bd7 13. Bg3 a5 14. Rc1 Rc8 15.
Ncb5 Nbd5 16. Qf3 Qb6 17. Nc3 Nxc3 18. Rxc3 Rxc3 19. bxc3 Rc8 20. Rc1 a4 21. Bc2
Rxc3 22. Qd1 Nd5 23. e4 Nb4 24. Ne2 Rxc2 25. Qxd7 Rxc1+ 26. Nxc1 Qc6 27. Qxc6
bxc6 28. Bf4 Bg5 29. Bxg5 hxg5 30. Kf1 Kf8 31. Ke2 Ke7 32. e5 c5 33. a3 Nc2 34.
Nd3 c4 35. Nc5 Nxa3 36. Nxa4 Kd7 37. Ke3 Kc6 38. Kd4 Kb5 39. Nb2 Kb4 40. g3 Nb5+
41. Ke4 Kb3 42. Nxc4 Kxc4 43. h4 Nc3+ 44. Ke3 gxh4 45. gxh4 Kd5 46. f4 Nd1+ 47.
Kf3 Kd4 48. h5 Ne3 49. Kg3 Ke4 {White resigns} 0-1

[Event "Team 45 45 League T92"]
[Site "Internet Chess Club"]
[Date "2022.05.06"]
[Round "4"]
[White "ElValero"]
[Black "Zugzwanged"]
[Result "1-0"]
[WhiteElo "1755"]
[BlackElo "1647"]
[Opening "English: Queens Indian formation"]
[ECO "A05"]
[Time "10:00:24"]
[PlyCount "55"]
[TimeControl "2700+45"]

1. Nf3 Nf6 2. c4 e6 3. Nc3 b6 4. g3 Bb7 5. Bg2 Be7 6. O-O Ne4 7. Qc2 Nxc3 8.
dxc3 d6 9. Rd1 Nd7 10. b4 O-O 11. Ng5 Bxg5 12. Bxb7 Rb8 13. Bg2 Bxc1 14. Raxc1
a5 15. Qa4 Ne5 16. bxa5 bxa5 17. f4 Nd7 18. Qxa5 e5 19. fxe5 Rb2 20. exd6 Rxe2
21. Bf3 Re5 22. dxc7 Qg5 23. Qa7 Rc5 24. Rc2 Qe3+ 25. Kg2 Ne5 26. Rf1 Rc8 27.
Re2 R8xc7 28. Qb8+ {Black resigns} 1-0

[Event "Team 45 45 League T92"]
[Site "Internet Chess Club"]
[Date "2022.05.07"]
[Round "4"]
[White "clarinetref"]
[Black "kabindra"]
[Result "0-1"]
[WhiteElo "1440"]
[BlackElo "1691"]
[Opening "Center game: Berger variation"]
[ECO "C22"]
[Time "16:05:58"]
[PlyCount "38"]
[TimeControl "2700+45"]

1. e4 e5 2. d4 exd4 3. Qxd4 Nc6 4. Qe3 Nf6 5. Bd2 Ng4 6. Qg3 d5 7. exd5 Bd6 8.
f4 Qe7+ 9. Be2 Nd4 10. Qd3 Nf5 11. h3 Nge3 12. Bxe3 Nxe3 13. Kf2 Bc5 14. Kf3 Bf5
15. Qb5+ c6 16. dxc6 Qe4+ 17. Kf2 Nxc2+ 18. Kf1 Qxf4+ 19. Nf3 Qc1+ {White
resigns} 0-1

[Event "Team 45 45 League T92"]
[Site "Internet Chess Club"]
[Date "2022.05.06"]
[Round "4"]
[White "jjmolina1"]
[Black "Electryon"]
[Result "1-0"]
[WhiteElo "1476"]
[BlackElo "1440"]
[Opening "French: Rubinstein variation"]
[ECO "C10"]
[Time "13:00:11"]
[PlyCount "123"]
[TimeControl "2700+45"]

1. e4 e6 2. d4 d5 3. Nc3 dxe4 4. Nxe4 Be7 5. Nf3 Nf6 6. Bd3 Nxe4 7. Bxe4 Nd7 8.
c3 Nf6 9. Bd3 O-O 10. O-O c5 11. Re1 Qc7 12. Qe2 cxd4 13. Nxd4 a6 14. Bg5 b5 15.
Bxf6 Bxf6 16. Qe4 g6 17. Qxa8 Bb7 18. Qa7 Ra8 19. Nxe6 fxe6 20. Qe3 Qc6 21. Be4
Qxe4 22. Qxe4 Bxe4 23. Rxe4 Kf7 24. Rd1 Ra7 25. Kf1 Rc7 26. Rf4 Ke7 27. Re4 Rc5
28. Rde1 Rc6 29. Rd1 Rc5 30. Rd3 h6 31. g4 g5 32. f3 a5 33. Rde3 Rc6 34. Re2 Rd6
35. Kg2 e5 36. Kf2 Rd3 37. Rd4 Rxd4 38. cxd4 Kd6 39. dxe5+ Bxe5 40. h3 Bd4+ 41.
Kf1 a4 42. Ke1 b4 43. Kd1 b3 44. axb3 axb3 45. Kc1 Kc5 46. Re6 Bg7 47. Rg6 Bf8
48. Rg8 Bd6 49. Rh8 Bf4+ 50. Kb1 Kd4 51. Rxh6 Ke3 52. Rb6 Kxf3 53. Rxb3+ Ke4 54.
Kc2 Kd4 55. Rd3+ Kc4 56. Rd7 Kb4 57. b3 Kb5 58. Kd3 Kb4 59. Rd4+ Kxb3 60. Rxf4
gxf4 61. Ke4 Kc4 62. Kxf4 {Black resigns} 1-0

[Event "Team 45 45 League T92"]
[Site "Internet Chess Club"]
[Date "2022.05.08"]
[Round "4"]
[White "DaveTheRook"]
[Black "isolani"]
[Result "1-0"]
[WhiteElo "1392"]
[BlackElo "1302"]
[Opening "Réti opening"]
[ECO "A05"]
[Time "17:01:18"]
[PlyCount "55"]
[TimeControl "2700+45"]

1. Nf3 Nf6 2. g3 d6 3. Bg2 e5 4. d3 Be7 5. O-O O-O 6. Nbd2 Nbd7 7. e4 a5 8. c4
Nc5 9. Nb3 Ne6 10. a4 Bd7 11. Bd2 b6 12. Nc1 Nc5 13. h3 Qc8 14. Kh2 c6 15. Be3
Qc7 16. Nb3 d5 17. Nxc5 bxc5 18. Qc2 d4 19. Bc1 Rab8 20. Rb1 Qd6 21. Nh4 Ne8 22.
Nf3 f5 23. Nxe5 Qxe5 24. Bf4 Qe6 25. Bxb8 Nd6 26. Bxd6 Bxd6 27. exf5 Qxf5 28.
Rbe1 {Black resigns} 1-0

[Event "Team 45 45 League T92"]
[Site "Internet Chess Club"]
[Date "2022.05.05"]
[Round "4"]
[White "Constrictor"]
[Black "WillC"]
[Result "0-1"]
[WhiteElo "1448"]
[BlackElo "1555"]
[Opening "Réti: Nimzovich-Larsen attack"]
[ECO "A01"]
[Time "20:04:30"]
[PlyCount "102"]
[TimeControl "2700+45"]

1. b3 d5 2. Nf3 Nf6 3. Bb2 Bf5 4. e3 e6 5. c4 Bd6 6. Nc3 O-O 7. Be2 Nbd7 8. O-O
h6 9. Rc1 c5 10. Nb5 Bb8 11. Nh4 Bh7 12. f4 Ne4 13. Nf3 a6 14. Nc3 Ndf6 15. cxd5
exd5 16. Bd3 d4 17. Nxe4 Bxe4 18. Bxe4 Nxe4 19. exd4 Bxf4 20. dxc5 Nxd2 21. Nxd2
Bxd2 22. Qg4 Qg5 23. Qxg5 Bxg5 24. Rcd1 Be3+ 25. Kh1 Bxc5 26. Rd7 b6 27. Bd4
Bxd4 28. Rxd4 Rfd8 29. Rfd1 Rxd4 30. Rxd4 Rc8 31. h3 Rc6 32. Rd8+ Kh7 33. Ra8 a5
34. Rb8 f5 35. Kh2 g5 36. Kg3 Kg6 37. Kh2 h5 38. a3 f4 39. b4 axb4 40. axb4 g4
41. hxg4 hxg4 42. Rg8+ Kf5 43. Rf8+ Rf6 44. Rb8 Ke4 45. Kg1 Kd4 46. Rg8 g3 47.
Rg5 Kc4 48. b5 Rd6 49. Kf1 Rd5 50. Rg4 Rf5 51. Ke2 Kxb5 {White resigns} 0-1

[Event "Team 45 45 League T92"]
[Site "Internet Chess Club"]
[Date "2022.05.10"]
[Round "4"]
[White "RD1974"]
[Black "Chess4Him"]
[Result "1-0"]
[WhiteElo "1585"]
[BlackElo "1468"]
[Opening "QGD Slav: 4.Nc3"]
[ECO "D15"]
[Time "18:02:22"]
[PlyCount "54"]
[TimeControl "2700+45"]

1. d4 d5 2. c4 c6 3. Nf3 Nf6 4. Nc3 Bf5 5. g3 dxc4 6. Bg2 e6 7. Ne5 Bb4 8. O-O
Nd5 9. Ne4 b5 10. Nc5 Bxc5 11. dxc5 Qc7 12. Bf4 Nxf4 13. gxf4 O-O 14. Qd6 Rc8
15. a4 f6 16. Nxc6 Nxc6 17. Qxc7 Rxc7 18. axb5 Rb8 19. Bxc6 Rd8 20. Rfd1 Rxd1+
21. Rxd1 Bc2 22. b6 axb6 23. cxb6 Rc8 24. Rd7 e5 25. b7 Rb8 26. e4 h6 27. Rc7
Kh8 {Black resigns} 1-0

[Event "Team 45 45 League T92"]
[Site "Internet Chess Club"]
[Date "2022.05.05"]
[Round "4"]
[White "Ostap-Bender"]
[Black "cobrabrava"]
[Result "0-1"]
[WhiteElo "1256"]
[BlackElo "1378"]
[Opening "Ruy Lopez: Anderssen variation"]
[ECO "C77"]
[Time "15:00:08"]
[PlyCount "104"]
[TimeControl "2700+45"]

1. e4 e5 2. Nf3 Nc6 3. Bb5 a6 4. Ba4 Nf6 5. d3 d6 6. c3 g6 7. O-O Bg7 8. Re1 O-O
9. d4 exd4 10. cxd4 b5 11. Bc2 Bg4 12. Be3 Nh5 13. Nc3 Bxf3 14. gxf3 Nf6 15. Ne2
Re8 16. Rc1 Na7 17. b4 Nc8 18. Bb3 Nb6 19. Qc2 Rc8 20. d5 Qd7 21. Bf4 Qh3 22.
Bg3 Bh6 23. Nf4 Bxf4 24. Bxf4 Qxf3 25. Bg3 Rxe4 26. Rxe4 Nxe4 27. Re1 Ng5 28.
Re3 Nh3+ 29. Kf1 Qh1+ 30. Ke2 Nxd5 31. Bxd5 Qxd5 32. Bxd6 Qxd6 33. Rxh3 Qxb4 34.
Rb3 Re8+ 35. Kf1 Qe1+ 36. Kg2 Qe4+ 37. Qxe4 Rxe4 38. Kf3 Rc4 39. Rd3 Kf8 40. Re3
a5 41. a3 b4 42. axb4 axb4 43. Ke2 Rc3 44. Re4 b3 45. Rb4 c5 46. Rb8+ Kg7 47.
Kd2 Rh3 48. Rc8 Rxh2 49. Rxc5 Rxf2+ 50. Kc1 b2+ 51. Kb1 h5 52. Rb5 h4 {White
resigns} 0-1

[Event "Team 45 45 League T92"]
[Site "Internet Chess Club"]
[Date "2022.05.07"]
[Round "4"]
[White "sdcohle"]
[Black "stantheman59"]
[Result "1/2-1/2"]
[WhiteElo "1364"]
[BlackElo "1146"]
[Opening "Sicilian: Steinitz variation"]
[ECO "B20"]
[Time "16:01:00"]
[PlyCount "70"]
[TimeControl "2700+45"]

1. e4 c5 2. g3 e6 3. Bg2 d6 4. c4 Nf6 5. Nc3 a6 6. Nge2 Be7 7. O-O O-O 8. d4
Nbd7 9. d5 e5 10. f4 b5 11. cxb5 axb5 12. Nxb5 Qb6 13. Nbc3 Ba6 14. Qd2 Qa7 15.
fxe5 Nxe5 16. b3 Nd3 17. Kh1 Nxc1 18. Raxc1 Nd7 19. Nd1 h6 20. Rc2 Bg5 21. Qe1
Bd3 22. Rb2 Ne5 23. h4 Bd8 24. Rf2 Ng4 25. Rf4 h5 26. Nf2 Nxf2+ 27. Qxf2 c4 28.
bxc4 Qxf2 29. Rxf2 Bxc4 30. Nc1 Bf6 31. Rbc2 Ra4 32. Bf1 Bxf1 33. Rxf1 Rxe4 34.
Rf5 Be5 35. Rxh5 Bxg3 {Game drawn by mutual agreement} 1/2-1/2